 Dungeon Crawl Stone Soup version 0.29-a0-876-gfc89b1a5bd (webtiles) character file.

Game seed: 1040085712655628353

45 IdlyInterested the Trooper (level 3, 0/29 HPs)
             Began as a Demonspawn Fighter on July 19, 2022.
             Succumbed to a goblin's poison
             ... on level 2 of the Dungeon.
             The game lasted 00:04:37 (1725 turns).

IdlyInterested the Trooper (Demonspawn Fighter)     Turns: 1725, Time: 00:04:38

Health: 0/29       AC:  8    Str: 16    XL:     3   Next: 42%
Magic:  3/3        EV:  8    Int:  9    God:
Gold:   38         SH:  5    Dex: 14    Spells: 2/2 levels left

rFire   . . .      SeeInvis .   a - +0 war axe
rCold   . . .      Faith    .   c - +1 buckler
rNeg    . . .      Spirit   .   b - +0 scale mail
rPois   .          Reflect  .   (helmet restricted)
rElec   .          Harm     .   (no cloak)
rCorr   .          Rampage  .   (no gloves)
Will    +....                   (no boots)
Stlth   ..........              (no amulet)
HPRegen 0.09/turn               k - ring of willpower
MPRegen 0.08/turn               (no ring)

@: lethally poisoned (0 -> -4), attractive
A: antennae 1, molten scales 1
a: no special abilities


You were on level 2 of the Dungeon.
You visited 1 branch of the dungeon, and saw 2 of its levels.

You collected 38 gold pieces.

Inventory:

Hand Weapons
 a - a +0 war axe (weapon)
 n - a +0 morningstar
Missiles
 h - 5 poisoned darts (quivered)
Armour
 b - a +0 scale mail (worn)
 c - a +1 buckler (worn)
Jewellery
 k - a ring of willpower (left hand)
Scrolls
 f - a scroll of silence {unknown}
 g - 3 scrolls of fog
 i - a scroll of torment {unknown}
Potions
 d - a potion of might
 e - a potion of brilliance
 l - a potion of flight


   Skills:
 - Level 3.3 Fighting
 * Level 2.8 Axes
 - Level 3.0 Armour
 + Level 0.1 Stealth
 * Level 2.8 Shields


You had 2 spell levels left.
You didn't know any spells.
Your spell library was empty.

Dungeon Overview and Level Annotations

Branches:
Dungeon (2/15)

Altars:


Innate Abilities, Weirdness & Mutations

You have a pair of small antennae on your head.
You are partially covered in molten scales. (AC +2)


Message History

The goblin shouts!
You block the goblin's attack.
You barely miss the goblin. The goblin closely misses you.
You closely miss the goblin.
The goblin hits you but does no damage. x2
You are poisoned.
You closely miss the goblin.
You feel very sick. The goblin hits you but does no damage.
You are more poisoned.
You barely miss the goblin.
You feel very sick. The goblin barely misses you.
The goblin hits you but does no damage.
You are more poisoned.
You hit the goblin but do no damage.
You feel very sick. The goblin barely misses you.
You completely miss the goblin.
You feel very sick. The goblin hits you but does no damage.
The goblin closely misses you.
You hit the goblin but do no damage.
You feel very sick. The goblin barely misses you.
You barely miss the goblin.
You feel sick. You block the goblin's attack.
The goblin hits you with a +1 dagger of venom.
You are lethally poisoned!
You slash the goblin!
You kill the goblin!
* * * LOW HITPOINT WARNING * * *
You feel very sick.
Really quaff the potion of attraction?
You feel attractive to monsters.
* * * LOW HITPOINT WARNING * * *
You feel sick.
There is a lethal amount of poison in your body!
There is a lethal amount of poison in your body!
* * * LOW HITPOINT WARNING * * *
You feel sick.
* * * LOW HITPOINT WARNING * * *
You feel sick.
You die...

#. #..# #. #..#
#. ###..# #.
#....#
#.#..###########
#..............#
##.#####..####.
..........#
###.#####@## #.
#)# #. #.# #.
#.# ... ..# #.#
.# #.# ....


There were no monsters in sight!

Vanquished Creatures
  An adder (D:2)
  A worm (D:2)
  A dart slug (D:1)
  An orc (D:2)
  2 endoplasms
  4 goblins
  5 hobgoblins
  3 kobolds (D:1)
  3 quokkas
  2 ball pythons
  A frilled lizard (D:2)
  4 rats
28 creatures vanquished.

Notes
Turn   | Place    | Note
-------+----------+-------------------------------------------
     0 | D:1      | IdlyInterested the Demonspawn Fighter began the quest for
                  | the Orb.
     0 | D:1      | Reached XP level 1. HP: 18/18 MP: 1/1
   430 | D:1      | Gained mutation: You are partially covered in molten
                  | scales. (AC +2) [demonic ancestry]
   430 | D:1      | Reached XP level 2. HP: 24/24 MP: 2/2
   530 | D:1      | You fall into a shaft and drop 1 floor!
  1246 | D:2      | Gained mutation: You have a pair of small antennae on your
                  | head. [demonic ancestry]
  1246 | D:2      | Reached XP level 3. HP: 27/29 MP: 3/3
  1724 | D:2      | HP: 1/29 [poisoned by a goblin]
  1725 | D:2      | Succumbed to a goblin's poison

Illustrated notes

Levels and vault maps discovered:
D:1:      wander_arrival_desolate, layout_basic, chequers_serial_rivers_micro_d,
          minivault_14, chequers_serial_rivers_micro_a, bh_walls_and_bars
D:2:      layout_loops_ring

Skill      XL: |  1  2 |
---------------+-------+-----
Axes           | 2 |  2.8
Armour         | 3 |  3.0
Fighting       | |  3.3
Stealth        | |  0.1
Shields        | |  2.8

Action                   || total
-------------------------++-------
Melee: War axe           ||    82
  Use: Scroll            ||     7
       Potion            ||     1
Armor: Scale mail        ||    30
Dodge: Dodged            ||    40
Block: Buckler           ||    14

Table legend: (Time is in decaauts)
 A = Elapsed time spent in this place.
 B = Non-inter-level travel time spent in this place.
 C = Inter-level travel time spent in this place.
 D = Time resting spent in this place.
 E = Time spent auto-exploring this place.
 F = Levels seen in this place.
 G = Mean time per level.
                   A        B        C        D        E       F      G
               +--------+--------+--------+--------+--------+-----+--------+
         Total |   1760 |   1629 |    131 |    181 |   1129 |   2 |  880.0 |
       Dungeon |   1760 |   1629 |    131 |    181 |   1129 |   2 |  880.0 |
               +--------+--------+--------+--------+--------+-----+--------+

Top non-repeatable levels by time:
     D:1: 1128 daAuts
     D:2: 632 daAuts
